 Dungeon Crawl Stone Soup version 0.26-a0-737-g4e9f4955e2 (webtiles) character file.

Game seed: 14507356913568670006

130 robertstho the Chiller (level 5, -6/37 HPs)
             Began as a Gnoll Ice Elementalist on Nov 4, 2020.
             Engulfed by a cloud of flame (21 damage)
             ... on level 3 of the Dungeon.
             The game lasted 00:03:28 (2854 turns).

robertstho the Chiller (Gnoll Ice Elementalist)     Turns: 2854, Time: 00:03:28

Health: -6/37      AC:  4    Str: 10    XL:     5   Next: 14%
Magic:  12/12      EV: 30    Int: 18    God:
Gold:   127        SH:  0    Dex: 16    Spells: 7/14 levels left

rFire    . . .     SeeInvis .   o - +2 short sword (flame)
rCold    . . .     Faith    .   (no shield)
rNeg     . . .     Spirit   .   a - +0 robe
rPois    .         Reflect  .   r - +0 helmet
rElec    .         Harm     .   (no cloak)
rCorr    .         Rampage  .   (no gloves)
MR       .....                  n - +0 pair of boots
Stlth    +++.......             s - amulet of the acrobat
HPRegen  0.12/turn              c - ring of flight
MPRegen  0.13/turn              (no ring)

@: acrobat
A: distributed training, fangs 1, strong nose
a: Evoke Flight


You were on level 3 of the Dungeon.
You visited 1 branch of the dungeon, and saw 3 of its levels.

You collected 127 gold pieces.

Inventory:

Hand Weapons
 j - a +0 hand axe
 o - a +2 short sword of flaming (weapon)
Missiles
 f - 30 poisoned darts (quivered)
Armour
 a - a +0 robe (worn)
 n - a +0 pair of boots (worn)
 r - a +0 helmet (worn)
Jewellery
 c - a ring of flight (left hand)
 s - an amulet of the acrobat (around neck)
Scrolls
 b - a scroll of teleportation {unknown}
 d - a scroll of remove curse {unknown}
 g - 2 scrolls of identify {unknown}
 h - a scroll of enchant armour {unknown}
 k - a scroll of enchant weapon {unknown}
 l - 3 scrolls of magic mapping {unknown}
 u - a scroll of blinking {unknown}
Potions
 e - 2 potions of haste {unknown}
 i - a potion of flight {unknown}
 m - a potion of degeneration {unknown}
 p - a potion of mutation {unknown}
 q - a potion of lignification {unknown}
 t - a potion of curing {unknown}


   Skills:
 + Level 1.4 Fighting
 + Level 1.4 Short Blades
 + Level 1.4 Long Blades
 + Level 1.4 Axes
 + Level 1.4 Maces & Flails
 + Level 1.4 Polearms
 + Level 1.4 Staves
 + Level 1.4 Slings
 + Level 1.4 Bows
 + Level 1.4 Crossbows
 + Level 1.4 Throwing
 + Level 1.4 Armour
 + Level 4.7 Dodging
 + Level 4.3 Stealth
 + Level 1.4 Shields
 + Level 1.4 Unarmed Combat
 + Level 5.1 Spellcasting
 + Level 1.1 Conjurations
 + Level 1.1 Hexes
 + Level 1.1 Summonings
 + Level 1.1 Necromancy
 + Level 1.1 Translocations
 + Level 1.1 Transmutations
 + Level 1.1 Fire Magic
 + Level 7.2 Ice Magic
 + Level 1.1 Air Magic
 + Level 1.1 Earth Magic
 + Level 1.1 Poison Magic
 + Level 1.5 Invocations
 + Level 1.4 Evocations


You had 7 spell levels left.
You knew the following spells:

 Your Spells              Type           Power        Failure   Level
a - Freeze                Ice            ####         1%          1
b - Frozen Ramparts       Ice            ####..       1%          3
c - Ozocubu's Armour      Ice            ####....     1%          3

Your spell library contained the following spells:

 Spells                   Type           Power        Failure   Level
 Hailstorm                Conj/Ice       ###.....     24%         4
 Summon Ice Beast         Ice/Summ       ###.....     24%         4


Dungeon Overview and Level Annotations

Branches:
Dungeon (3/15)

Altars:
Dithmenos
Elyvilon
Nemelex Xobeh
Vehumet


Innate Abilities, Weirdness & Mutations

Your experience applies equally to all skills.
You have very sharp teeth.
Your uncanny sense of smell can sniff out nearby items.


Message History

The jackal closely misses you.
You barely miss the jackal.
The jackal bites you but does no damage.
You hit the jackal. You burn the jackal.
The jackal is heavily wounded.
The jackal bites you but does no damage.
The jackal bites you.
You hit the jackal. You burn the jackal.
You kill the jackal!
Found a radiant altar of Vehumet.
You see here a jackal corpse.
Really walk into a travel-excluded area?
u - a scroll labeled LEUSKAGUB
There are no items here.
You are engulfed in blazing flames.
You see here a fizzy coppery potion.
e - 2 fizzy coppery potions (gained 1)
You are engulfed in blazing flames.
Ouch! That really hurt!
You die...

#######
#.....#
##.☼☼..#
#.°._.§##
#..§○°..#
#...@...#
#....##.# #
##.......#
#.#....#####
#.#....# ∆
#.#....†##
#<......#
#.#.#.####..#
#...#.......#


There were no monsters in sight!

Vanquished Creatures
  7 adders
  An ooze (D:1)
  2 worms (D:2)
  2 dart slugs
  2 leopard geckos (D:2)
  2 ball pythons (D:2)
  3 giant cockroaches
  3 hobgoblins
  2 jackals (D:3)
  5 kobolds
  2 quokkas (D:2)
  6 bats
  4 frilled lizards
  8 goblins
  6 rats
55 creatures vanquished.

Notes
Turn   | Place    | Note
-------+----------+-------------------------------------------
     0 | D:1      | robertstho the Gnoll Ice Elementalist began the quest for
                  | the Orb.
     0 | D:1      | Reached XP level 1. HP: 13/13 MP: 6/6
   409 | D:1      | Reached XP level 2. HP: 19/19 MP: 5/7
   918 | D:2      | Found a shadowy altar of Dithmenos.
   936 | D:2      | Reached XP level 3. HP: 12/25 MP: 6/9
   945 | D:2      | Reached skill level 5 in Spellcasting
  1147 | D:2      | Found a sparkling altar of Nemelex Xobeh.
  1387 | D:2      | Reached skill level 1 in Invocations
  1756 | D:2      | Reached skill level 1 in Fighting
  1756 | D:2      | Reached skill level 1 in Short Blades
  1756 | D:2      | Reached skill level 1 in Long Blades
  1756 | D:2      | Reached skill level 1 in Axes
  1756 | D:2      | Reached skill level 1 in Maces & Flails
  1756 | D:2      | Reached skill level 1 in Polearms
  1756 | D:2      | Reached skill level 1 in Staves
  1756 | D:2      | Reached skill level 1 in Slings
  1756 | D:2      | Reached skill level 1 in Bows
  1756 | D:2      | Reached skill level 1 in Crossbows
  1756 | D:2      | Reached skill level 1 in Throwing
  1756 | D:2      | Reached skill level 1 in Armour
  1756 | D:2      | Reached skill level 1 in Shields
  1756 | D:2      | Reached skill level 1 in Unarmed Combat
  1756 | D:2      | Reached skill level 1 in Evocations
  1766 | D:2      | Reached XP level 4. HP: 20/32 MP: 4/11
  1771 | D:2      | Learned a level 3 spell: Frozen Ramparts
  1775 | D:2      | Learned a level 3 spell: Ozocubu's Armour
  2354 | D:2      | Found a white marble altar of Elyvilon.
  2481 | D:3      | Reached skill level 1 in Conjurations
  2481 | D:3      | Reached skill level 1 in Hexes
  2481 | D:3      | Reached skill level 1 in Summonings
  2481 | D:3      | Reached skill level 1 in Necromancy
  2481 | D:3      | Reached skill level 1 in Translocations
  2481 | D:3      | Reached skill level 1 in Transmutations
  2481 | D:3      | Reached skill level 1 in Fire Magic
  2481 | D:3      | Reached skill level 1 in Air Magic
  2481 | D:3      | Reached skill level 1 in Earth Magic
  2481 | D:3      | Reached skill level 1 in Poison Magic
  2793 | D:3      | Reached XP level 5. HP: 37/37 MP: 12/12
  2840 | D:3      | Found a radiant altar of Vehumet.
  2854 | D:3      | Engulfed by a cloud of flame

Illustrated notes

Levels and vault maps discovered:
D:1:      lightli_arrival_statue_moat, layout_basic
D:2:      layout_basic, nicolae_overflow_crystal_walls, elyvilon_altar_5,
          nicolae_dithmenos_shadow_blocks, st_stairs_8,
          chequers_serial_rivers_room_b
D:3:      minmay_inner_zag, layout_basic, fiery_altar_vehumet

Skill      XL: |  1  2  3  4 |
---------------+-------------+-----
Spellcasting   | 5 |  5.1
Invocations    | 1 |  1.5
Fighting       | 1 |  1.4
Short Blades   | 1 |  1.4
Long Blades    | 1 |  1.4
Axes           | 1 |  1.4
Maces & Flails | 1 |  1.4
Polearms       | 1 |  1.4
Staves         | 1 |  1.4
Slings         | 1 |  1.4
Bows           | 1 |  1.4
Crossbows      | 1 |  1.4
Throwing       | 1 |  1.4
Armour         | 1 |  1.4
Shields        | 1 |  1.4
Unarmed Combat | 1 |  1.4
Evocations     | 1 |  1.4
Conjurations   | 1 |  1.1
Hexes          | 1 |  1.1
Summonings     | 1 |  1.1
Necromancy     | 1 |  1.1
Translocations | 1 |  1.1
Transmutations | 1 |  1.1
Fire Magic     | 1 |  1.1
Air Magic      | 1 |  1.1
Earth Magic    | 1 |  1.1
Poison Magic   | 1 |  1.1
Dodging        | |  4.7
Stealth        | |  4.3
Ice Magic      | |  7.2

Action                   |  1- 3 |  4- 6 || total
-------------------------+-------+-------++-------
Melee: Unarmed           |     7 |       ||     7
       Hand axe          |    58 |    16 ||    74
       Bite              |     5 |     1 ||     6
       Short sword       |       |    40 ||    40
 Cast: Freeze            |    19 |     1 ||    20
       Frozen Ramparts   |       |     9 ||     9
  Use: Potion            |     1 |       ||     1
 Stab: Sleeping          |     7 |     1 ||     8
Armor: Robe              |     8 |    10 ||    18
Dodge: Dodged            |    49 |    48 ||    97

Table legend: (Time is in decaauts)
 A = Elapsed time spent in this place.
 B = Non-inter-level travel time spent in this place.
 C = Inter-level travel time spent in this place.
 D = Time resting spent in this place.
 E = Time spent auto-exploring this place.
 F = Levels seen in this place.
 G = Mean time per level.
                   A        B        C        D        E       F      G
               +--------+--------+--------+--------+--------+-----+--------+
         Total |   2875 |   2849 |     26 |     50 |   2320 |   3 |  958.3 |
       Dungeon |   2875 |   2849 |     26 |     50 |   2320 |   3 |  958.3 |
               +--------+--------+--------+--------+--------+-----+--------+

Top non-repeatable levels by time:
     D:2: 1533 daAuts
     D:1: 888 daAuts
     D:3: 453 daAuts
